Unix NetHack Version 5.0.0-0 post-release - last build May  4 2026 22:22:43 (774f63e81ad911689b3a0859ea89b322d5daca8d,branch:main).

Game began 2026-05-10 02:43:30, ended 2026-05-10 02:48:52.

Brudee, neutral female human Wizard

                          ------
                         --....--
                         |)/.....|..
                         |/-- --.....
                         |.|   ---..-
                                  -..-
                                  |...
                              --- --.-
                             --..---..
                             |........
                            --.........
                            |........<.
                            --..---...-
                             |..| |..-
                             ----

Brudee the Conjurer       St:10 Dx:18 Co:11 In:18 Wi:9 Ch:9  Neutral
Dlvl:3  $:0  HP:0(19) Pw:24(24) AC:10 Xp:3/65 T:811 

Latest messages:
 o - an uncursed ring of searching.
 F - a cursed ring of teleportation.
 E - a wand of cold (0:5).
 What do you want to read? [i-mpxAB or ?*] ?
 As you read the scroll, it disappears.
 x - a blessed scroll of fire.
 You hear rumbling in the distance.
 You hear some noises in the distance.
 You are beginning to feel hungry.
 You hear rumbling in the distance.
 What do you want to eat? [vwy or ?*] ?
 This food really hits the spot!
 You finish eating the food ration.
 You see here a yellow gem.
 I - a yellow gem.
 You hit the gnome.
 You kill the gnome!
 You hear rumbling in the distance.
 You kill the gnome!
 Welcome to experience level 2.
 Your kitten eats a gnome corpse.
 You swap places with your kitten.
 You see here a black gem.
 J - a black gem.
 You are hit by a dagger.
 The dwarf hits!
 You see here a dagger.
 What do you want to drink? [f-hqrtuC or ?*] ?
 Never mind.
 What do you want to zap? [cE or ?*] ?
 In what direction? j
 You kill the dwarf!
 You kill it!
 Welcome to experience level 3.
 There is a dwarf corpse here; eat it? [ynq] (n) y
 This dwarf corpse tastes okay.
 You stop eating the dwarf corpse.
 You hit the gnome lord.
 The gnome lord hits!
 You hit the gnome lord.
 The gnome lord hits!
 The gnome lord picks up a hooded cloak.
 What do you want to zap? [cE or ?*] ?
 In what direction? b
 You kill the gnome lord!
 The bolt of cold bounces!
 The bolt of cold hits you!
 Your potion of confusion freezes and shatters!
 You die...
 Do you want your possessions identified? [ynq] (y) q

Inventory:
 Weapons  (')')
  a - a blessed +1 quarterstaff (weapon in hands)
 Armor    ('[')
  b - an uncursed burnt +0 cloak of magic resistance (being worn)
 Comestibles  ('%')
  v - an uncursed cream pie
  y - an uncursed food ration
  w - an uncursed egg
 Scrolls  ('?')
  p - an uncursed scroll of confuse monster
  x - a blessed scroll of fire
  j - an uncursed scroll of light
  i - an uncursed scroll of punishment
  k - an uncursed scroll of teleportation
 Spellbooks  ('+')
  B - an uncursed spellbook of create monster
  l - a blessed spellbook of force bolt
  m - an uncursed spellbook of haste self
 Potions  ('!')
  q - a blessed potion of confusion
  r - a blessed potion of fruit juice
  f - an uncursed potion of gain energy
  t - an uncursed potion of healing
  u - 2 cursed potions of healing
  C - an uncursed potion of invisibility
  h - an uncursed potion of speed
 Rings    ('=')
  d - an uncursed ring of invisibility
  o - an uncursed ring of searching
  e - an uncursed ring of teleport control
  F - a cursed ring of teleportation
 Wands    ('/')
  E - a wand of cold (0:3)
  c - a wand of probing (0:4)
 Tools    ('(')
  n - a magic marker (0:21)
 Gems/Stones  ('*')
  J - an uncursed worthless piece of black glass
  I - an uncursed worthless piece of yellow glass
  D - an uncursed flint stone

Brudee the Wizard's attributes:

Background:
 You were a Conjurer, a level 3 female human Wizard.
 You were neutral, on a mission for Thoth
 who was opposed by Ptah (lawful) and Anhur (chaotic).
 You were right-handed.
 You were in the Gnomish Mines, on level 3.
 You entered the dungeon 811 turns ago.
 It was nighttime.
 You had 65 experience points, 15 more were needed to attain level 4.

Basics:
 You had 0 out of 19 hit points.
 You had all 24 energy points (spell power).
 Your armor class was 10.
 Your wallet was empty.
 Autopickup was on for '$"?+!=/' plus thrown.

Final Characteristics:
 Your strength was 10 (limit:18/100).
 Your dexterity was 18 (limit:18).
 Your constitution was 11 (limit:18).
 Your intelligence was 18 (limit:18).
 Your wisdom was 9 (limit:18).
 Your charisma was 9 (limit:18).

Final Status:
 You weren't hungry.
 You were unencumbered.
 You were wielding a quarterstaff.
 You had basic skill with quarterstaff.

Final Attributes:
 You were devoutly aligned.
 You were magic-protected.
 You were warded.
 You are dead.

Miscellaneous:
 You didn't encounter any bones levels.
 Total elapsed playing time was 5 minutes and 19 seconds.

Major events:
 Turn
    1: Brudee the neutral female human Wizard entered the dungeon
  747: entered the Gnomish Mines
  802: attained the rank of Conjurer (level 3)
  811: killed by a shattered potion

Spells:
 Name                 Level Category     Fail Retention
 force bolt             1   attack         0%  91%-100%
 haste self             3   escape        79%  76%-100%
 create monster         2   clerical      43%  76%-100%

Skills:
 Fighting Skills
   bare handed combat [Unskilled]
   riding             [Unskilled]
 Weapon Skills
   dagger             [Unskilled]
   knife              [Unskilled]
   axe                [Unskilled]
   short sword        [Unskilled]
   club               [Unskilled]
   mace               [Unskilled]
   quarterstaff       [Basic]
   polearms           [Unskilled]
   spear              [Unskilled]
   trident            [Unskilled]
   sling              [Unskilled]
   dart               [Unskilled]
   shuriken           [Unskilled]
 Spellcasting Skills
   attack spells      [Basic]
   healing spells     [Unskilled]
   divination spells  [Unskilled]
   enchantment spells [Basic]
   clerical spells    [Unskilled]
   escape spells      [Unskilled]
   matter spells      [Unskilled]

Voluntary challenges:
 Character rerolling was not enabled.
 You were an atheist.
 You never genocided any monsters.
 You never polymorphed an object.
 You never changed form.
 You used no wishes.
Achievements:
 You entered the Gnomish Mines.
 You attained the rank of Conjurer.

 The Dungeons of Doom: levels 1 to 3
    Level 1:
    Level 2:
       A grave.
       Stairs down to The Gnomish Mines.
    Level 3:
 The Gnomish Mines:
    Level 3: <- You were here.
       Final resting place for
          you, killed by a shattered potion.


Vanquished creatures:
  2 gnome leaders
  2 dwarves
  5 gnomes
  a kobold
  a goblin
  a sewer rat
  2 lichens
  2 newts
16 creatures vanquished.

No species were genocided or became extinct.

Game over:
                       ----------
                      /          \
                     /    REST    \
                    /      IN      \
                   /     PEACE      \
                  /                  \
                  |      Brudee      |
                  |       0 Au       |
                  |   killed by a    |
                  | shattered potion |
                  |                  |
                  |                  |
                  |       2026       |
                 *|     *  *  *      | *
        _________)/\\_//(\/(/\)/\//\/|_)_______

Goodbye Brudee the Wizard...

You died in The Gnomish Mines on dungeon level 3 with 370 points,
and 0 pieces of gold, after 811 moves.
You were level 3 with a maximum of 19 hit points when you died.

